Map: Ascensão para Aiur LE

Players

Zinho

  • Race: Protoss Protoss
  • League: Grandmaster
  • Spawn Location: 11:00

BolinhoFofo - Winner!

  • Race: Protoss Protoss
  • League: Diamond
  • Spawn Location: 5:00

Event: BotH

VOD

Have the link to the VOD?

Description

Time

  • Played on: Aug. 19, 2017, 7:03 p.m.
  • Length: 9:08
Show
View Real Time Build Order
Export as new Build Order

Zinho Protoss 

Build Orders:  

Get SALT Encoding   

  12  0:00  Probe (Chrono Boost)  
  13  0:11  Probe (Chrono Boost)  
  14  0:17  Pylon  
  14  0:22  Probe (Chrono Boost)  
  16  0:35  Probe (Chrono Boost)  
  16  0:36  Gateway  
  16  0:41  Assimilator  
  16  0:46  Probe (Chrono Boost)  
  17  0:51  Assimilator  
  17  0:57  Probe (Chrono Boost)  
  18  1:07  Probe (Chrono Boost)  
  18  1:09  Gateway  
  19  1:18  Probe (Chrono Boost)  
  20  1:25  Cybernetics Core  
  20  1:29  Probe (Chrono Boost)  
  21  1:35  Pylon  
  21  1:39  Probe (Chrono Boost)  
  22  1:50  Probe (Chrono Boost)  
  23  2:00  Probe (Chrono Boost)  
  24  2:01  Warp Gate (Chrono Boost)  
  24  2:02  Adept x2  
  28  2:12  Probe  
  28  2:14  Pylon  
  29  2:24  Mothership Core  
  31  2:44  Stalker  
  31  2:45  Probe, Stalker  
  36  3:05  Nexus  
  36  3:06  Probe  
  37  3:18  Robotics Facility  
  35  3:21  Sentry  
  35  3:22  Probe  
  38  3:29  Pylon  
  38  3:35  Probe  
  38  3:41  Gateway  
  39  3:47  Probe (Chrono Boost)  
  40  3:56  Twilight Council  
  40  3:59  Probe (Chrono Boost)  
  41  4:04  Sentry  
  41  4:06  Stalker  
  43  4:11  Probe (Chrono Boost)  
  42  4:18  Probe (Chrono Boost)  
  42  4:21  Probe (Chrono Boost)  
  44  4:30  Stalker  
  44  4:31  Stalker  
  47  4:38  Pylon  
  40  4:52  Probe x2 (Chrono Boost)  
  37  4:57  Sentry x2  
  41  5:02  Immortal (Chrono Boost)  
  41  5:05  Probe (Chrono Boost)  
  41  5:06  Probe  
  46  5:13  Stalker  
  49  5:27  Sentry  
  45  5:36  Probe  
  45  5:37  Stalker  
  45  5:40  Pylon  
  48  5:47  Probe  
  48  5:48  Probe  
  48  5:49  Warp Prism (Chrono Boost)  
  52  5:59  Probe  
  52  6:00  Probe  
  52  6:01  Blink (Chrono Boost)  
  54  6:06  Assimilator  
  54  6:07  Assimilator  
  54  6:08  Pylon  
  54  6:11  Probe  
  54  6:14  Probe  
  56  6:19  Sentry  
  56  6:23  Probe  
  59  6:26  Probe  
  60  6:35  Probe  
  60  6:36  Sentry  
  60  6:38  Probe  
  64  6:41  Immortal  
  64  6:44  Pylon  
  68  6:47  Probe  
  68  6:50  Probe  
  68  6:53  Nexus  
  70  7:01  Pylon  
  70  7:02  Probe  
  67  7:19  Stalker x2  
  67  7:20  Probe, Stalker  
  67  7:21  Probe  
  75  7:32  Probe  
  75  7:36  Probe  
  77  7:43  Gateway  
  77  7:46  Probe, Gateway  
  77  7:47  Forge  
  77  7:49  Probe  
  79  7:55  Pylon  
  79  8:01  Probe  
  79  8:03  Stalker x3  
  86  8:08  Probe  
  87  8:14  Probe  
  87  8:19  Probe  
  88  8:22  Templar Archives  
  87  8:29  Immortal  
  87  8:30  Stalker x2  
  81  8:37  Stalker  
  85  8:54  Stalker x2  
Show
View Real Time Build Order
Export as new Build Order

BolinhoFofo Protoss - Winner!

Build Orders:  

Get SALT Encoding   

  12  0:01  Probe (Chrono Boost)  
  13  0:12  Probe (Chrono Boost)  
  14  0:19  Pylon  
  14  0:22  Probe (Chrono Boost)  
  15  0:37  Probe (Chrono Boost), Gateway  
  16  0:48  Probe (Chrono Boost)  
  16  0:49  Assimilator  
  17  0:53  Assimilator  
  17  0:58  Probe (Chrono Boost)  
  18  1:08  Gateway  
  18  1:09  Probe (Chrono Boost)  
  19  1:19  Probe (Chrono Boost)  
  19  1:25  Cybernetics Core  
  20  1:30  Probe (Chrono Boost)  
  21  1:35  Pylon  
  21  1:40  Probe (Chrono Boost)  
  22  1:52  Probe (Chrono Boost)  
  23  2:01  Stalker x2  
  27  2:05  Warp Gate (Chrono Boost)  
  27  2:12  Pylon  
  27  2:14  Mothership Core  
  29  2:32  Stalker x2  
  29  2:36  Probe  
  34  3:02  Stalker x2  
  38  3:10  Pylon  
  38  3:23  Nexus  
  38  3:35  Robotics Facility  
  38  3:52  Stalker x2  
  38  3:55  Probe  
  43  4:08  Probe  
  44  4:20  Probe  
  44  4:22  Pylon  
  43  4:32  Probe  
  43  4:34  Probe  
  45  4:41  Stalker x2  
  45  4:44  Probe x2  
  45  4:55  Probe  
  45  4:56  Probe  
  45  4:59  Robotics Bay  
  47  5:05  Probe  
  47  5:08  Observer (Chrono Boost), Probe  
  47  5:09  Sentry, Stalker  
  54  5:16  Probe  
  54  5:20  Probe  
  56  5:26  Probe  
  56  5:27  Warp Prism (Chrono Boost)  
  57  5:32  Probe  
  58  5:36  Assimilator  
  58  5:37  Probe  
  57  5:44  Probe  
  57  5:48  Probe  
  57  5:50  Stalker  
  57  5:51  Stalker  
  57  5:55  Disruptor (Chrono Boost)  
  57  5:56  Pylon, Probe  
  62  5:59  Probe  
  62  6:03  Assimilator  
  66  6:05  Pylon  
  66  6:06  Gravitic Drive (Chrono Boost)  
  66  6:13  Gateway  
  66  6:15  Gateway  
  66  6:20  Gateway  
  66  6:23  Twilight Council  
  66  6:26  Probe  
  66  6:27  Immortal  
  71  6:37  Gateway  
  71  6:38  Probe  
  72  6:40  Probe  
  73  6:52  Pylon  
  73  7:01  Immortal  
  73  7:02  Blink (Chrono Boost)  
  73  7:05  Pylon  
  77  7:17  Sentry x2, Stalker  
  77  7:22  Nexus  
  83  7:29  Pylon  
  83  7:39  Gateway  
  83  7:41  Stalker x3  
  83  7:42  Sentry  
  91  7:47  Stalker  
  93  7:52  Stalker  
  95  8:12  Stalker x2  
  97  8:13  Stalker  
  97  8:15  Pylon  
  97  8:17  Pylon  
  91  8:35  Stalker x4  
  91  8:36  Stalker x2  
  99  9:00  Stalker x3  
  99  9:01  Stalker  
  99  9:02  Stalker x2  
Tags
 
Add a new tag
Caveats
  • Supply blocks, unpowered buildings, or Contaminate may cause inaccurate times.
  • Supply counts are checked every 10 seconds.